 Dungeon Crawl Stone Soup version 0.30-a0-263-ge22c4ad894 (console) character file.

Game seed: 17828987654599934062

82 jejorda2 the Poker (level 4, 0/37 HPs)
             Began as a Merfolk Berserker on Oct 13, 2022.
             Was a Believer of Trog.
             Slain by a gnoll
             ... wielding a +0 halberd
              (10 damage)
             ... on level 2 of the Dungeon.
             The game lasted 00:02:48 (1144 turns).

jejorda2 the Poker (Merfolk Berserker)              Turns: 1144, Time: 00:02:48

Health: 0/37       AC:  2    Str: 19    XL:     4   Next: 43%
Magic:  4/4        EV: 12    Int:  6    God:    Trog [**....]
Gold:   72         SH:  0    Dex: 13    Spells: 3/3 levels left

rFire   . . .      SeeInvis .    a - +0 spear
rCold   . . .      Faith    .    (no shield)
rNeg    . . .      Spirit   .    b - +0 animal skin
rPois   .          Reflect  .    (no helmet)
rElec   .          Harm     .    (no cloak)
rCorr   .          Rampage  .    (no gloves)
Will    .....                    (no boots)
Stlth   +.........               (no amulet)
HPRegen 0.26/turn                (no ring)
MPRegen 0.09/turn                (no ring)

@: on berserk cooldown, slowed, very slow
A: (nimble swimmer 2), mertail
a: Renounce Religion, Berserk, Trog's Hand


You were on level 2 of the Dungeon.
You worshipped Trog.
Trog was pleased with you.
You visited 1 branch of the dungeon, and saw 2 of its levels.

You collected 72 gold pieces.

Inventory:

Hand Weapons
 a - a +0 spear (weapon)
Missiles
 g - 6 stones (quivered)
Armour
 b - a +0 animal skin (worn)
Scrolls
 d - a scroll of teleportation {unknown}
 f - a scroll of identify {unknown}
Potions
 c - a potion of brilliance {unknown}
 e - a potion of curing {unknown}


   Skills:
 + Level 4.0 Fighting
 * Level 5.5 Polearms
 + Level 2.0 Armour
 - Level 2.6 Dodging


You had 3 spell levels left.
You didn't know any spells.
Your spell library was empty.

Dungeon Overview and Level Annotations

Branches:
Dungeon (2/15)

Altars:


Innate Abilities, Weirdness & Mutations

((You are very nimble when in or above water. (Stealth+, EV+, Speed+++)))
Your lower body shifts to a powerful aquatic tail in water.


Message History

You kill the gnoll!
Trog accepts your kill.
Your Armour skill increases to level 2!
You have reached level 4!
You throw a stone. The stone barely misses the gnoll.
Reach: a) +0 spear
Press: ? - help, Dir - move target, f/p - gnoll
Aim: a gnoll, wielding a +0 flail (about 34% to evade your +0 spear)
You reach to attack!
You hit the gnoll.
The gnoll is moderately wounded.
A red film seems to cover your vision as you go berserk!
You feel yourself moving faster!
You feel mighty! The gnoll closely misses you.
The gnoll hits you with a +0 flail.
You barely miss the gnoll.
The gnoll is moderately wounded.
The gnoll barely misses you.
The gnoll hits you from afar with a +0 spear!
You puncture the gnoll!
The gnoll is almost dead.
You hit the gnoll.
You kill the gnoll!
Trog accepts your kill.
The gnoll hits you from afar with a +0 spear!
Items here: ) †.
You puncture the gnoll!
You kill the gnoll!
Trog accepts your kill.
Your Fighting skill increases to level 4!
Items here: ) †.
h - a +0 spear You feel a strong urge to attack something.
You drop a +0 spear.
You feel your anger nearly subside.
You are no longer berserk.
You are exhausted.
You feel yourself slow down.
The gnoll hits you from afar with a +0 halberd!
* * * LOW HITPOINT WARNING * * *
A ball python comes into view.
The gnoll barely misses you. The gnoll hits you with a +0 halberd!
You die...

<...##. #...#.#
##.....##.###.#
..............#####
######.#.####.####.....
..............†.......
#....#.####.####.###.
####....#)####.# #.# #.
S.......#.).)..# #.# #.
#.g@.####### #.# #.
#.##.# #.# #. # #+# #.#
## #.# #.# #.# #.# #.#
#.#


You could see a gnoll and a ball python (asleep).

Vanquished Creatures
  3 gnolls (D:2)
  3 dart slugs
  5 endoplasms (D:1)
  A giant cockroach (D:1)
  4 goblins (D:1)
  5 hobgoblins
  4 jackals (D:1)
  2 quokkas
  3 ball pythons (D:1)
  5 bats
  3 frilled lizards
  3 kobolds
  7 rats
48 creatures vanquished.

Notes
Turn   | Place    | Note
-------+----------+-------------------------------------------
     0 | D:1      | jejorda2 the Merfolk Berserker began the quest for the Orb.
     0 | D:1      | Reached XP level 1. HP: 18/18 MP: 1/1
    42 | D:1      | Reached XP level 2. HP: 20/24 MP: 2/2
   292 | D:1      | Found a faded altar of an unknown god.
   334 | D:1      | Reached XP level 3. HP: 26/29 MP: 3/3
   445 | D:1      | Reached ** piety under Trog
   447 | D:1      | Reached skill level 5 in Polearms
  1131 | D:2      | Reached XP level 4. HP: 37/37 MP: 4/4
  1144 | D:2      | Slain by a gnoll

Illustrated notes

Levels and vault maps discovered:
D:1:      psy_arrival_whirlpool, layout_basic, ebering_ecumenical_altar_box,
          minmay_misc_feat_doors, nicolae_titane
D:2:      layout_basic, grunt_ministairs_7

Skill      XL: |  1  2  3  4 |
---------------+-------------+-----
Polearms       | 5 |  5.5
Armour         | 2 |  2.0
Fighting       | 4 |  4.0
Dodging        | |  2.6

Action                   |  1- 3 |  4- 6 || total
-------------------------+-------+-------++-------
Melee: Spear             |   137 |     5 ||   142
       Punch             |     1 |       ||     1
Throw: Stone             |       |     1 ||     1
Invok: Berserk           |       |     1 ||     1
 Stab: Sleeping          |     4 |       ||     4
Armor: Animal skin       |    11 |       ||    11
Dodge: Dodged            |    53 |     3 ||    56

Table legend: (Time is in decaauts)
 A = Elapsed time spent in this place.
 B = Non-inter-level travel time spent in this place.
 C = Inter-level travel time spent in this place.
 D = Time resting spent in this place.
 E = Time spent auto-exploring this place.
 F = Levels seen in this place.
 G = Mean time per level.
                   A        B        C        D        E       F      G
               +--------+--------+--------+--------+--------+-----+--------+
         Total |   1120 |   1109 |     11 |     29 |    844 |   2 |  560.0 |
       Dungeon |   1120 |   1109 |     11 |     29 |    844 |   2 |  560.0 |
               +--------+--------+--------+--------+--------+-----+--------+

Top non-repeatable levels by time:
     D:1: 805 daAuts
     D:2: 314 daAuts
